 Dungeon Crawl Stone Soup version 0.22-a0-430-g6609fc6 (webtiles) character file.

519 Gorglomux the Skirmisher (level 7, -17/35 HPs)
             Began as a Spriggan Berserker on May 26, 2018.
             Was an Initiate of Fedhas.
             Demolished by a polar bear (22 damage)
             ... created by the rage of Trog
             ... in an ossuary.
             The game lasted 00:11:32 (3551 turns).

Gorglomux the Skirmisher (Spriggan Berserker)       Turns: 3551, Time: 00:11:33

Health: -17/35     AC:  2    Str: 13    XL:     7   Next: 1%
Magic:  8/8        EV: 20    Int:  9    God:    Fedhas [......]
Gold:   181        SH:  0    Dex: 17    Spells: 6/6 levels left

rFire    . . .     SeeInvis +   A - +2 dagger (drain)
rCold    . . .     Gourm    .   (shield restricted)
rNeg     . . .     Faith    .   b - +0 animal skin
rPois    .         Spirit   .   (helmet restricted)
rElec    .         Reflect  .   (no cloak)
rCorr    .         Harm     .   (gloves unavailable)
MR       +....                  (boots unavailable)
Stlth    ++++......             (no amulet)
HPRegen  0.11/turn              x - ring of stealth
MPRegen  0.11/turn              y - +4 ring of slaying

@: about to teleport, very quick
A: very small, unfitting armour, see invisible, herbivore, speed 3, frail 1,
slow metabolism 2
a: Fungal Bloom, Renounce Religion


You were in an ossuary.
You worshipped Fedhas.
Fedhas was noncommittal.
You were hungry.

You visited 2 branches of the dungeon, and saw 6 of its levels.
You also visited: Ossuary.

You collected 181 gold pieces.

Inventory:

Hand Weapons
 a - a +0 short sword
 A - a +2 dagger of draining (weapon)
 U - a +0 hunting sling
Missiles
 f - 192 stones (quivered)
Armour
 b - a +0 animal skin (worn)
Jewellery
 x - a ring of stealth (left hand)
 y - a +4 ring of slaying (right hand)
Wands
 D - a wand of digging (11)
 O - a wand of clouds (1)
Scrolls
 e - 3 scrolls of remove curse
 z - a scroll of enchant weapon
 R - 3 scrolls of identify
 S - a scroll of amnesia
Potions
 g - 2 potions of might {unknown}
 F - a potion of heal wounds {unknown}
 G - a potion of degeneration {unknown}
 Q - 2 potions of curing
Comestibles
 c - 5 rations


   Skills:
 + Level 5.3 Fighting
 + Level 5.2 Short Blades
 - Level 4.4 Dodging
 - Level 4.1 Stealth


You had 6 spell levels left.
You didn't know any spells.
Your spell library was empty.

Dungeon Overview and Level Annotations

Branches:
Dungeon (5/15)             Temple (1/1) D:4

Altars:
Fedhas
Gozag
Nemelex Xobeh
Uskayaw
Wu Jian
Xom
Yredelemnul

Annotations:
D:3 Gorglomux's ghost, weakling SpBe


Innate Abilities, Weirdness & Mutations

You are very small and have problems with some larger weapons.
You are too small for most types of armour.
You have supernaturally acute eyesight. (SInv)
You are a herbivore.
You cover ground extremely quickly.
You need to consume almost no food.
You are frail. (-10% HP)


Message History

The butt bear claws the black bear!
The polar bear claws the black bear!
Unknown command!
Butt command!
Butt perforate the gnoll zombie like a sieve!
The gnoll zombie is severely damaged!
The black butt is engulfed in noxious fumes!
The black bear appears confused!
The gnoll zombie hits you! * * * don't die
* * * The black bear is engulfed in noxious fumes!
The black bear appears confused!
The black bear is engulfed in noxious fumes!
The black bear appears confused!
The black bear rages!
The polar bear is engulfed in noxious fumes!
The polar bear appears confused!
The polar bear butts the polar bear!!!
The polar bear barely misses the polar bear!
The polar bear claws the polar bear!
The polar bear bites you!!!!!!
DANG rip Fedhas appreciates your contribution to the ecosystem!

##..######..## ##..##....##..##
##..##..##..##..##
##..##..####..##.^##
##..##..######..##..## ##..##..##
Z..##..##..## ##..##^.##
#.h##..##..## #..##^.##
#Zh##..##..## ..##..##
#@h##..##..## .##..##
##h§##..##..## ##..##
##§h##..##..## #..##
##§§##..##..## ..##
##h.##..##..## .## ##..##..##..##
## ##..##..##..# # ##..##..##..
########################.^##..##.


You could see 2 polar bears, 4 black bears, a hobgoblin zombie and a gnoll
zombie.

Vanquished Creatures
  Sigmund (D:4)
  A wandering mushroom (D:4)
  A howler monkey (shapeshifter) (D:3)
  A jelly (D:5)
  2 orc wizards (D:3)
  Jessica (D:2)
  Robin (D:2)
  5 adders
  2 oozes (D:1)
  2 worms
  2 dart slugs (D:2)
  A leopard gecko (D:3)
  5 orcs (D:3)
  5 bats
  6 giant cockroaches
  17 goblins
  6 hobgoblins
  2 frilled lizards
  2 gnoll skeletons (Ossuary)
  3 gnoll zombies (Ossuary)
  2 goblin skeletons (Ossuary)
  2 goblin zombies (Ossuary)
  2 hobgoblin skeletons (Ossuary)
  2 hobgoblin zombies (Ossuary)
  A jackal skeleton (D:5)
  8 kobolds
  A kobold skeleton (Ossuary)
  2 kobold zombies (Ossuary)
  An orc skeleton (Ossuary)
  2 orc zombies (Ossuary)
  3 rats
  3 rat skeletons (Ossuary)
  3 rat zombies (Ossuary)
98 creatures vanquished.

Vanquished Creatures (collateral kills)
  2 black bears (D:4)
  An ogre (D:4)
  A bullfrog skeleton (D:4)
4 creatures vanquished.

Vanquished Creatures (others)
  Menkaure (Ossuary)
  A wandering mushroom (D:4)
  4 goblin skeletons (Ossuary)
  A goblin zombie (Ossuary)
  4 hobgoblin skeletons (Ossuary)
  2 hobgoblin zombies (Ossuary)
  2 kobold skeletons (Ossuary)
  3 kobold zombies (Ossuary)
  2 orc skeletons (Ossuary)
  2 orc zombies (Ossuary)
  A rat skeleton (Ossuary)
  A rat zombie (Ossuary)
  11 toadstools
35 creatures vanquished.

Grand Total: 137 creatures vanquished

Notes
Turn   | Place    | Note
-------+----------+-------------------------------------------
     0 | D:1      | Gorglomux the Spriggan Berserker began the quest for the Orb.
     0 | D:1      | Reached XP level 1. HP: 11/11 MP: 2/2
     3 | D:1      | Fell from the grace of Trog
    39 | D:1      | Reached skill level 1 in Stealth
   244 | D:1      | Reached XP level 2. HP: 15/16 MP: 3/3
   265 | D:1      | Reached skill level 3 in Stealth
   725 | D:2      | Reached XP level 3. HP: 13/19 MP: 4/4
   741 | D:2      | Found a shimmering altar of Xom.
   755 | D:2      | Became a worshipper of Xom of Chaos
   856 | D:2      | XOM is BORED!
   856 | D:2      | XOM: harmless Pois miscast
   906 | D:2      | Noticed Jessica
   916 | D:2      | Killed Jessica
   916 | D:2      | Reached skill level 3 in Fighting
  1135 | D:2      | Noticed Robin
  1152 | D:2      | Reached XP level 4. HP: 23/24 MP: 5/5
  1158 | D:2      | Killed Robin
  1412 | D:3      | Found a blossoming altar of Fedhas.
  1423 | D:3      | Fell from the grace of Xom
  1423 | D:3      | Became a worshipper of Fedhas Madash
  1518 | D:3      | HP: 1/25 [orc wizard/magic dart (10)]
  1521 | D:3      | Reached XP level 5. HP: 12/29 MP: 6/6
  1787 | D:3      | XOM: give mutation
  1787 | D:3      | Gained mutation: You possess an exceptional clarity of mind. [Xom's mischief]
  1894 | D:3      | Noticed Gorglomux's ghost (weakling SpBe)
  2027 | D:3      | Found a sparkling altar of Nemelex Xobeh.
  2061 | D:3      | XOM: cloud trail
  2119 | D:3      | XOM: give mutations
  2119 | D:3      | Lost mutation: You possess an exceptional clarity of mind. [Xom's mischief]
  2119 | D:3      | Gained mutation: You are frail. (-10% HP) [Xom's mischief]
  2203 | D:2      | Reached * piety under Fedhas
  2601 | D:3      | XOM: polymorph kobold -> howler monkey
  2636 | D:4      | Noticed Sigmund
  2659 | D:4      | Killed Sigmund
  2659 | D:4      | Reached XP level 6. HP: 21/31 MP: 7/7
  2727 | D:4      | Found a staircase to the Ecumenical Temple.
  2740 | Temple   | Entered the Ecumenical Temple
  2869 | Temple   | XOM: 4-stop teleportation journey
  3045 | D:4      | Noticed a polar bear
  3240 | D:5      | Entered Level 5 of the Dungeon
  3309 | D:5      | Found a sand-covered staircase.
  3313 | Ossuary  | Entered an ossuary
  3390 | Ossuary  | Reached XP level 7. HP: 35/35 MP: 8/8
  3442 | Ossuary  | Killed Menkaure
  3546 | Ossuary  | Noticed a polar bear
  3546 | Ossuary  | Noticed a polar bear
  3551 | Ossuary  | Demolished by a polar bear

Vault maps used:
D:1:      denvon_arrival_planthouse
D:2:      lemuel_coloured_pillars_altar, uniq_robin, uniq_jessica
D:3:      nemelex_xobeh_ov_fountains_minmay, first_ration, fedhas_altar_2
D:4:      minmay_temple_entry_hall, hangedman_abyss_or_decor_stabs,
          uniq_sigmund, uniq_pikel, uniq_crazy_yiuf_cottage
D:5:      enter_ossuary_5
Temple:   dpeg_five_rooms_temple
Ossuary:  ossuary_due_pyramid

Skill      XL: |  1  2  3  4  5  6 |
---------------+-------------------+-----
Stealth        | 2 4 |  4.1
Fighting       | 3 4 5 |  5.3
Short Blades   | 4 5 |  5.2
Dodging        | |  4.4

Action                   |  1- 3 |  4- 6 |  7- 9 || total
-------------------------+-------+-------+-------++-------
Melee: Short sword       |    69 |       |       ||    69
       Dagger            |    13 |   179 |    37 ||   229
Invok: Renounce Religion |     1 |       |       ||     1
       Fungal Bloom      |       |     8 |       ||     8
       Evolution         |       |     5 |       ||     5
Evoke: Wand              |       |     1 |     1 ||     2
  Use: Potion            |       |     1 |     1 ||     2
       Scroll            |       |     4 |     1 ||     5
 Stab: Sleeping          |     8 |    13 |       ||    21
Armor: Animal skin       |     6 |     9 |     2 ||    17
Dodge: Dodged            |    59 |   121 |    27 ||   207

Table legend:
 A = Spawn XP
 B = Non-spawn XP
 C = Spawn XP percentage of total XP
 D = Spawn monster count
 E = Non-spawn monster count
 F = Spawn count percentage of total count
 G = Total turns spent on level
                    A         B        C        D         E        F      G
               +---------+---------+-------+---------+---------+-------+---------
         Total |       0 |     742 |   0.0 |       0 |      96 |   0.0 |  3551
               +---------+---------+-------+---------+---------+-------+---------
           D:1 |       0 |      37 |   0.0 |       0 |      16 |   0.0 |   820
           D:2 |       0 |     114 |   0.0 |       0 |      27 |   0.0 |   779
           D:3 |       0 |     209 |   0.0 |       0 |      23 |   0.0 |  1029
           D:4 |       0 |     313 |   0.0 |       0 |       6 |   0.0 |   417
           D:5 |       0 |      46 |   0.0 |       0 |       2 |   0.0 |    73
       Ossuary |       0 |      23 |   0.0 |       0 |      22 |   0.0 |   238
               +---------+---------+-------+---------+---------+-------+---------
